cohdb
Replays
Latest Replays
All Replays
Popular Replays
Top Player Replays
Match Explorer
How It Works
Community
CoH3 Stats
Reddit
Sign in to upload your games and track your stats! →
Sign in with Steam
Match 38272706
Unlisted
Match 38272706
Overview
Messages
Build Orders
End
Engineer Squad
Construct Barracks
Selects Armored Battlegroup
Selects Veteran Crews
Riflemen Squad
1⁄4-ton 4x4 Truck
Riflemen Squad
Construct Medical Station
Infantry Support Center
Selects Strength in Steel
Construct Motor Pool
M8 Greyhound Armored Car
Engineer Squad
Selects M31 Recovery Vehicle
M1 Anti-tank Gun Team
Grenade Package
Selects War Machine
Riflemen Squad
Construct Tank Depot
Selects Seek and Destroy
Selects UNKNOWN (2160077)
M4A3E8 Sherman Easy Eight
Riflemen Squad
M4A3E8 Sherman Easy Eight
Alfonso
El Dorado
0
0
Comments
sign in to comment!
No comments posted yet!